 Dungeon Crawl Stone Soup version 0.16-a0-3210-ge5ae1c3 (webtiles) character file.

3030 Ololoev the Transmogrifier (level 9, -2/53 HPs)
             Began as an Octopode Transmuter on Dec 18, 2014.
             Was a Priest of Okawaru.
             Slain by an orc priest (5 damage)
             ... on level 7 of the Dungeon on Dec 19, 2014.
             The game lasted 00:44:29 (10011 turns).

Ololoev the Transmogrifier (Octopode Transmuter)   Turns: 10011, Time: 00:44:30

Health: -2/53      AC:  2    Str: 11    XL:     9   Next: 86%
Magic:  16/19      EV: 19    Int: 19    God:    Okawaru [***...]
Gold:   340        SH:  0    Dex: 17    Spells: 6 memorised, 1 level left

rFire  . . .     SeeInvis .     A - melded +3 flail (protect) (curse)
rCold  . . .     Clarity  .     (shield currently unavailable)
rNeg   . . .     SustAb   .     f - melded +2 hat (curse)
rPois  x         Gourm    .     (no amulet)
rElec  .         Spirit   .     (no ring)
rCorr  .         Warding  .     (no ring)
rMut   .         Stasis   .     (no ring)
MR     .....                    (no ring)
Stlth  ++........               (no ring)
                                (no ring)
                                (no ring)
                                (no ring)

@: spider-form, hasted and slowed, not resistant to hostile enchantments,
unstealthy
A: almost no armour, amphibious, 8 rings, (constrict 8), (camouflage 0), clever
1, (gelatinous body 0), evolution 1
a: End Transformation, Heroism, Renounce Religion


You were on level 7 of the Dungeon.
You worshipped Okawaru.
Okawaru was most pleased with you.
You were hungry.
You were a venomous arachnid creature.
You visited 1 branch of the dungeon, and saw 7 of its levels.
You also visited: Ossuary.

You collected 340 gold pieces.

Notes
Turn   | Place    | Note
--------------------------------------------------------------
     0 | D:1      | Ololoev, the Octopode Transmuter, began the quest for the Orb.
     0 | D:1      | Reached XP level 1. HP: 13/13 MP: 3/3
   170 | D:1      | Reached XP level 2. HP: 13/18 MP: 4/4
  1056 | D:2      | Reached XP level 3. HP: 23/23 MP: 4/6
  1074 | D:2      | Learned a level 2 spell: Sticks to Snakes
  1078 | D:2      | Learned a level 3 spell: Spider Form
  1335 | D:2      | Noticed Terence
  1357 | D:2      | Killed Terence
  1497 | D:2      | Reached XP level 4. HP: 18/28 MP: 7/7
  2081 | D:2      | Reached skill level 4 in Transmutations
  2518 | D:2      | Found an iron altar of Okawaru.
  2542 | D:2      | Reached XP level 5. HP: 27/33 MP: 5/9
  3022 | D:3      | Upgraded the game from 0.16-a0-3197-g5046a99 to 0.16-a0-3210-ge5ae1c3
  3223 | D:3      | Found a glowing golden altar of the Shining One.
  3224 | D:3      | Found a glowing silver altar of Zin.
  3224 | D:3      | Found a radiant altar of Vehumet.
  3225 | D:3      | Found a bloodstained altar of Trog.
  3226 | D:3      | Found an opulent altar of Gozag.
  3235 | D:3      | Noticed Herrn's ghost (average HaAE)
  3307 | D:2      | Became a worshipper of Warmaster Okawaru
  4240 | D:3      | Killed Herrn's ghost
  4240 | D:3      | Acquired Okawaru's first power
  4240 | D:3      | Reached skill level 5 in Transmutations
  4240 | D:3      | Reached XP level 6. HP: 9/38 MP: 3/10
  4942 | D:4      | Reached skill level 6 in Transmutations
  4943 | D:4      | Reached XP level 7. HP: 43/43 MP: 9/12
  4997 | D:4      | Reached skill level 5 in Unarmed Combat
  5043 | D:4      | Learned a level 2 spell: Blink
  5046 | D:4      | Learned a level 2 spell: Repel Missiles
  5182 | D:4      | Noticed Dowan
  5187 | D:4      | Noticed Duvessa
  5194 | D:4      | Killed Duvessa
  5194 | D:4      | Killed Dowan
  5198 | D:4      | Found a staircase to the Ecumenical Temple.
  5249 | D:4      | HP: 2/43 [poisoned by a worker ant]
  5250 | D:4      | Gained mutation: You evolve. [potion of beneficial mutation]
  5837 | D:4      | Reached skill level 7 in Transmutations
  5974 | D:4      | Noticed Ijyb
  6017 | D:4      | Killed Ijyb
  6178 | D:5      | Entered Level 5 of the Dungeon
  6499 | D:5      | Reached XP level 8. HP: 39/48 MP: 7/13
  6523 | D:5      | Found Jiunn's Book Shoppe.
  6874 | D:5      | Reached skill level 8 in Transmutations
  6889 | D:5      | Gained mutation: Your mind is acute. (Int +2) [evolution]
  7354 | D:6      | Found a sand-covered staircase.
  7359 | Ossuary  | Entered an ossuary
  7611 | Ossuary  | Reached skill level 1 in Evocations
  8324 | D:6      | Reached XP level 9. HP: 48/53 MP: 13/16
  8363 | D:6      | Reached skill level 9 in Transmutations
  8641 | D:6      | Reached skill level 5 in Evocations
  9407 | D:6      | Noticed Edmund
  9419 | D:6      | Killed Edmund
  9762 | D:7      | Found Phuplakatu's Armour Boutique.
  9764 | D:7      | Found Erant's Antique Weapon Shop.
  9935 | D:7      | Learned a level 5 spell: Blade Hands
  9986 | D:7      | Found Erozeup's Antique Weapon Shop.
  9994 | D:7      | Found Mnai's Antique Armour Emporium.
 10002 | D:7      | Noticed Joseph
 10011 | D:7      | Slain by an orc priest

Inventory:

Hand weapons
 A - a cursed +3 flail of protection (melded)
Missiles
 b - 16 arrows
Armour
 f - a cursed +2 hat (melded)
Magical devices
 t - a wand of fireball (4)
 u - a wand of lightning (2)
 z - a wand of frost (26)
Scrolls
 e - 2 scrolls of blinking
 g - 5 scrolls of remove curse
 i - a scroll of teleportation
 n - a scroll of fear
 s - 3 scrolls of enchant weapon
 y - a scroll of fog
Potions
 c - 2 potions of haste
 k - 2 potions of magic
 l - a potion of resistance {unknown}
 m - a potion of cancellation {unknown}
 o - a potion of brilliance
 p - a potion of restore abilities {unknown}
 q - 3 potions of flight
 B - a potion of might
 C - a potion of cure mutation {unknown}
 D - a potion of mutation {unknown}
Books
 d - a book of Changes

   Spells                             Type                      Level
   a - Beastly Appendage              Transmutation                1
   b - Sticks to Snakes               Transmutation                2
   c - Spider Form                    Transmutation/Poison         3
   d - Ice Form                       Ice/Transmutation            4
   e - Blade Hands                    Transmutation                5
 x - a book of Debilitation

   Spells                             Type                      Level
   a - Corona                         Hexes                        1
   b - Slow                           Hexes                        2
   c - Inner Flame                    Hexes/Fire                   3
   d - Enslavement                    Hexes                        4
   e - Cause Fear                     Hexes                        4
   f - Leda's Liquefaction            Hexes/Earth                  4
Comestibles
 a - 6 bread rations
 h - 3 meat rations
 j - 3 beef jerkies
 r - a slice of pizza
 v - a chunk of flesh

Table legend:
 A = Turns spent in this place as a percentage of turns spent in the entire game.
 B = Non-inter-level travel turns spent in this place as a percentage of non-inter-level travel turns spent in the entire game.
 C = Inter-level travel turns spent in this place as a percentage of turns spent in this place.
 D = Turns resting spent in this place as a percentage of non-inter-level travel turns spent in this place.
 E = Turns spent auto-exploring this place as a percentage of non-inter-level travel turns spent in this place.
 F = Non-inter-level travel turns spent in this place divided by the number of levels of this place that you've seen.
                   A       B       C       D       E      F
               +-------+-------+-------+-------+-------+----------------------
         Total | 100.0 | 100.0 |   0.4 |   8.3 |   7.8 | 342.9
       Dungeon |  86.7 |  86.7 |   0.5 |   9.0 |   8.9 | 339.6
       Ossuary |  13.3 |  13.3 |   0.0 |   4.1 |   0.8 | 366.0
               +-------+-------+-------+-------+-------+----------------------


   Skills:
 - Level 1.0 Fighting
 - Level 2.0 Dodging
 + Level 7.2 Unarmed Combat
 + Level 4.0 Spellcasting
 * Level 9.8 Transmutations
 * Level 6.3 Evocations


You had one spell level left.
You knew the following spells:

 Your Spells              Type           Power        Failure   Level  Hunger
a - Beastly Appendage     Trmt           #####.       2%          1    None
b - Sticks to Snakes      Trmt           #####.....   3%          2    ##.....
c - Spider Form           Trmt/Pois      ###.......   21%         3    ###....
d - Blink                 Tloc           N/A          41%         2    ##.....
e - Repel Missiles        Chrm/Air       #.....       41%         2    ##.....
f - Blade Hands           Trmt           #####.....   24%         5    ######.


Dungeon Overview and Level Annotations

Branches:
Dungeon (7/15)             Temple (0/1) D:4

Altars:
Gozag
Okawaru
Trog
Vehumet
Zin
The Shining One

Shops:
D:5 :   D:7 ([([

Annotations:
D:7 Joseph


Innate Abilities, Weirdness & Mutations

You cannot wear most types of armour.
You are amphibious.
You can wear up to eight rings at the same time.
((You can use your tentacles to constrict many enemies at once.))
((Your skin changes colour to match your surroundings (Stealth).))
((Your rubbery body absorbs attacks (AC +1).))
Your mind is acute. (Int +2)
You evolve.


Message History

Joseph unwields an uncursed quarterstaff.
Joseph wields a runed hunting sling.
Joseph shoots a sling bullet.
The sling bullet hits you!
You see here a sling bullet.
The orc priest barely misses you.
Joseph smiles happily.
You hit the orc wizard.
The orc wizard is poisoned.
The orc wizard is lightly wounded.
The orc warrior hits you with a short sword of holy wrath.
The orc priest mumbles some strange prayers to Beogh against you.
Pain shoots through your body!
The orc wizard casts a spell.
The orc wizard blinks!
Joseph shoots a sling bullet.
The sling bullet completely misses you.
The sling bullet hits the orc warrior!
The orc priest invokes the aid of Beogh against you.
Something smites you!
Joseph shoots a sling bullet.
The sling bullet completely misses you. The orc priest hits you.
Joseph shoots a sling bullet.
The sling bullet is repelled.
You feel less protected from missiles.
The orc wizard points at you and mumbles some strange words.
You resist with significant effort. The orc wizard casts a spell at you.
You feel yourself slow down.
You see here 2 sling bullets.
You hit the orc wizard.
The orc wizard looks even sicker.
The orc wizard is heavily wounded.
The orc wizard barely misses you. The orc hits you with a flail.
Joseph shoots a sling bullet.
The sling bullet closely misses you. The orc priest misses you.
The orc priest looks braver.
You see here a sling bullet.
Drink which item? (? for menu, Esc to quit)
You feel better.
The orc priest invokes the aid of Beogh against you.
Pain shoots through your body! The orc warrior completely misses you.
Drink which item? (? for menu, Esc to quit)
You feel yourself speed up. The orc wizard hits you with a dagger.
The orc priest hits you.
You die...

..........<# . ...........#
. ...........# .##
...........############..###
######†#####...............#
.......# #.......@8......#
#####..# #...............#
#####..# #.....o.........#
.......# #....so.(∩......#
#####'######....oo.......?.#
..............##......####..
.###..........##....8.# .
+.....∩....++......+
#..........##......#
###############....# .
#....# # #....#


You could see Joseph, an orc warrior, an orc priest, an orc wizard and an orc.

Table legend:
 A = Kills in this place as a percentage of kills in entire the game.
 B = Kills by you in this place as a percentage of kills by you in the entire game.
 C = Kills by friends in this place as a percentage of kills by friends in the entire game.
 D = Other kills in this place as a percentage of other kills in the entire game.
 E = Experience gained in this place as a percentage of experience gained in the entire game.
 F = Experience gained in this place divided by the number of levels of this place that you have seen.
                   A       B       C       D       E      F
               +-------+-------+-------+-------+-------+----------------------
         Total | 100.0 | 100.0 |  -nan |  -nan | 100.0 | 541.1
       Dungeon |  82.6 |  82.6 |  -nan |  -nan |  93.4 | 577.7
       Ossuary |  17.4 |  17.4 |  -nan |  -nan |   6.6 | 285.0
               +-------+-------+-------+-------+-------+----------------------

Vanquished Creatures
  The ghost of Herrn the Ducker, an average HaAE (D:3)
  Edmund (D:6)
  A water moccasin (D:7)
  An orc warrior (D:6)
  A sky beast (D:5)
  9 ogres
  2 centaurs
  Duvessa (D:4)
  4 giant frogs (D:6)
  An elf zombie (Ossuary)
  3 scorpions
  A jelly (D:6)
  Dowan (D:4)
  A crimson imp (D:5)
  2 giant frog zombies
  2 goliath beetles (D:6)
  A human zombie (Ossuary)
  An orc priest (D:6)
  2 hounds
  An orc wizard (D:6)
  7 worker ants
  An iguana (D:3)
  Ijyb (D:4)
  A hound zombie (D:6)
  3 big kobold zombies (Ossuary)
  2 hound skeletons
  Terence (D:2)
  3 mummies
  10 adders
  A gnoll (D:2)
  2 giant mites
  3 worms
  An adder zombie (Ossuary)
  5 giant geckos
  An ooze (D:6)
  14 orcs
  2 ball pythons
  12 bats
  A bat zombie (D:6)
  5 giant cockroaches
  11 goblins
  16 hobgoblins
  13 kobolds
  A quokka (D:2)
  A giant gecko skeleton (D:4)
  9 giant newts
  A giant spore (D:6)
  A goblin zombie (Ossuary)
  15 hobgoblin zombies
  10 jackals
  A jackal skeleton (D:6)
  3 jackal zombies (Ossuary)
  6 kobold zombies (Ossuary)
  7 orc zombies (Ossuary)
  9 rats
  2 rat zombies (Ossuary)
  4 ballistomycetes (D:6)
223 creatures vanquished.

Vanquished Creatures (others)
  An adder (D:6)
1 creature vanquished.

Grand Total: 224 creatures vanquished

Action                   |  1- 3 |  4- 6 |  7- 9 || total
-------------------------+-------+-------+-------++-------
Melee: Unarmed           |    69 |   203 |   463 ||   735
       Flail             |       |       |     7 ||     7
 Cast: Beastly Appendage |     1 |     7 |    14 ||    22
       Sticks to Snakes  |     3 |     9 |     1 ||    13
       Spider Form       |       |     7 |    34 ||    41
       Repel Missiles    |       |       |     1 ||     1
       Blink             |       |       |     1 ||     1
       Blade Hands       |       |       |     1 ||     1
Evoke: Wand              |       |       |     1 ||     1
  Use: Potion            |       |     6 |     6 ||    12
       Scroll            |       |     7 |     6 ||    13
 Stab: Sleeping          |     3 |     7 |     7 ||    17
       Distracted        |       |       |     2 ||     2
  Eat: Chunk             |     2 |     7 |    16 ||    25
       Beef jerky        |       |     1 |       ||     1
       Meat ration       |       |     1 |       ||     1
       Fruit             |       |       |     4 ||     4

Vault maps used:
D:1:      minmay_arrival_checkered_box
D:2:      okawaru_altar_gauntlet_db, uniq_terence
D:3:      grunt_temple_overflow_open, first_bread, minmay_cupped
D:4:      minmay_temple_entry_junction, serial_glass, glass_columns_b,
          glass_columns_b, minmay_strange_pillars, item_on_display_a,
          uniq_duvessa, uniq_iyjb
D:5:      serial_shops, shop, kennysheep_minor_cross,
          corexii_hall_statues_deadend, grunt_decor_resistance
D:6:      forest_paths, enter_ossuary_2, minmay_mini_ossuary, uniq_edmund
D:7:      serial_shops, shop_statue, shop, shop, shop,
          hangedman_decor_slide_cut, uniq_joseph, uniq_sigmund,
          uniq_crazy_yiuf_cottage
Ossuary:  ossuary_tomb_1
